Map: [TLMC15] Curious Minds

Players

Serral - Winner!

  • Race: Zerg Zerg

Solar

  • Race: Zerg Zerg

Event: StayAtHome Story Cup #4

VOD

Have the link to the VOD?

Description

Time

  • Played on: Oct. 24, 2021, 2:44 p.m.
  • Length: 9:28

All games in this series

Show
View Real Time Build Order
Export as new Build Order

Serral Zerg - Winner!

Build Orders: Hatch First 

Get SALT Encoding   

  12  0:00  Drone  
  13  0:12  Overlord  
  13  0:16  Drone  
  14  0:31  Drone x2  
  16  0:47  Hatchery  
  15  0:51  Drone  
  15  0:54  Drone  
  17  1:08  Spawning Pool  
  17  1:10  Extractor  
  15  1:13  Drone  
  15  1:16  Drone  
  17  1:20  Drone  
  18  1:30  Drone  
  19  1:55  Zergling x4  
  19  1:59  Queen x2  
  19  2:01  Zergling x4  
  28  2:20  Overlord  
  23  2:32  Drone x2  
  23  2:33  Drone  
  25  2:42  Overlord  
  25  2:45  Drone  
  25  2:49  Drone  
  27  2:53  Drone  
  27  2:58  Drone  
  29  3:08  Drone x3  
  29  3:10  Drone  
  29  3:11  Drone  
  34  3:16  Drone  
  34  3:17  Drone  
  35  3:28  Overlord  
  35  3:29  Drone  
  36  3:36  Metabolic Boost  
  36  3:39  Evolution Chamber  
  36  3:41  Drone x4  
  38  3:44  Drone  
  39  3:57  Hatchery  
  38  4:03  Drone x2  
  38  4:06  Drone x2  
  42  4:10  Zerg Missile Weapons Level 1  
  42  4:15  Roach Warren  
  41  4:18  Drone x2  
  41  4:23  Extractor  
  41  4:24  Drone x2, Extractor  
  42  4:35  Zergling x8  
  42  4:38  Zergling x8  
  51  4:44  Overlord  
  51  4:47  Lair  
  51  4:49  Overlord  
  51  5:02  Queen, Extractor  
  51  5:05  Drone x4  
  56  5:08  Zergling x2  
  56  5:09  Zergling x6  
  56  5:13  Roach  
  62  5:15  Roach  
  62  5:20  Roach  
  62  5:21  Roach  
  67  5:27  Overlord  
  67  5:31  Overlord  
  67  5:34  Overlord  
  67  5:42  Overlord  
  67  5:47  Roach x3  
  67  5:48  Glial Reconstitution  
  73  5:56  Roach x3  
  79  6:00  Overlord  
  79  6:06  Drone x3  
  79  6:07  Drone  
  79  6:09  Zerg Missile Weapons Level 2  
  83  6:14  Roach  
  83  6:15  Roach x2  
  89  6:25  Drone  
  89  6:26  Drone x4  
  93  6:34  Drone x2  
  93  6:35  Drone x2  
  93  6:36  Roach  
  98  6:41  Roach x3  
  98  6:42  Overseer  
  98  6:43  Extractor  
  98  6:46  Overlord  
  103  6:47  Overseer  
  103  6:52  Zergling x4  
  103  6:53  Overlord  
  105  7:02  Overlord  
  105  7:04  Overlord  
  105  7:07  Drone  
  106  7:09  Roach x3  
  106  7:12  Overlord  
  112  7:16  Roach x4  
  112  7:21  Overlord  
  120  7:26  Roach x5  
  128  7:31  Roach x2  
  128  7:32  Roach  
  128  7:36  Roach x2  
  115  7:38  Roach  
  115  7:42  Roach x2  
  106  7:44  Roach  
  106  7:46  Roach  
  106  7:48  Roach  
  106  7:50  Roach  
  105  7:52  Roach  
  105  7:54  Roach  
  105  7:57  Roach  
  99  7:59  Roach  
  99  8:01  Roach  
  99  8:03  Roach  
  99  8:06  Roach  
  99  8:08  Roach  
  99  8:09  Roach  
  103  8:15  Queen  
  103  8:17  Roach  
  107  8:23  Roach x3  
  113  8:33  Ravager  
  114  8:35  Roach x5  
  124  8:46  Roach x3  
  124  8:47  Queen  
  132  8:55  Overlord  
  132  8:58  Roach x2  
  136  9:06  Roach x3  
  142  9:10  Ravager  
Show
View Real Time Build Order
Export as new Build Order

Solar Zerg 

Build Orders: Pool First 

Get SALT Encoding   

  12  0:17  Spawning Pool  
  11  0:22  Drone  
  11  0:26  Drone  
  13  0:31  Drone  
  14  0:39  Overlord  
  14  1:04  Zergling x4  
  14  1:05  Zergling x2  
  17  1:16  Zergling x2  
  17  1:18  Hatchery  
  17  1:27  Zergling x2  
  18  1:33  Queen  
  18  1:38  Zergling x2  
  21  1:48  Overlord  
  21  2:00  Drone  
  22  2:08  Queen  
  22  2:09  Drone  
  25  2:20  Drone  
  21  2:30  Drone  
  21  2:32  Queen  
  21  2:33  Drone  
  21  2:34  Extractor  
  23  2:42  Drone x3  
  26  2:47  Drone  
  27  2:52  Overlord  
  27  2:55  Drone  
  28  3:02  Overlord  
  28  3:11  Drone  
  29  3:13  Drone  
  29  3:18  Drone x4  
  34  3:25  Overlord  
  34  3:28  Drone  
  34  3:30  Evolution Chamber  
  34  3:35  Drone  
  34  3:40  Roach Warren  
  34  3:42  Drone  
  34  3:43  Drone  
  34  3:47  Metabolic Boost  
  36  3:51  Drone  
  36  3:52  Drone  
  36  3:54  Drone  
  39  3:57  Drone  
  39  4:00  Drone  
  41  4:03  Overlord  
  41  4:04  Drone  
  42  4:10  Drone  
  43  4:23  Zerg Missile Weapons Level 1  
  43  4:24  Zergling x4  
  43  4:26  Zergling x2  
  43  4:28  Zergling x2  
  43  4:30  Hatchery, Zergling x4  
  48  4:34  Overlord  
  48  4:38  Zergling x4  
  50  4:39  Zergling x2  
  50  4:41  Zergling x2  
  50  4:45  Overlord  
  52  4:51  Lair  
  52  4:53  Extractor x2  
  52  4:54  Zergling x2  
  52  4:55  Zergling x2  
  52  4:56  Drone  
  52  4:59  Zergling x2  
  54  5:00  Drone  
  54  5:03  Zergling x4  
  54  5:04  Zergling x2  
  58  5:10  Drone x2  
  58  5:13  Overlord  
  60  5:14  Drone x2  
  62  5:23  Drone, Overlord  
  63  5:31  Drone  
  63  5:34  Roach x2  
  68  5:37  Drone  
  68  5:38  Roach  
  68  5:40  Drone  
  71  5:43  Drone x2  
  71  5:45  Roach x2  
  71  5:46  Roach  
  71  5:48  Glial Reconstitution  
  79  5:53  Roach  
  79  5:54  Roach  
  83  5:58  Drone  
  83  6:03  Overlord  
  84  6:04  Overlord  
  84  6:06  Roach x2  
  84  6:10  Overlord  
  88  6:15  Roach  
  90  6:20  Overlord  
  90  6:22  Roach x3  
  100  6:25  Roach x2  
  100  6:27  Roach  
  100  6:29  Roach  
  100  6:32  Roach  
  106  6:33  Roach  
  109  6:40  Roach x3  
  113  6:47  Roach x2  
  113  6:48  Roach x2  
  113  6:51  Overlord  
  121  6:55  Overlord  
  121  7:02  Extractor  
  121  7:03  Roach  
  121  7:05  Overlord  
  123  7:10  Roach x3  
  123  7:13  Overlord  
  123  7:14  Roach  
  123  7:15  Roach x2  
  135  7:18  Roach  
  135  7:22  Overlord  
  136  7:26  Roach x3  
  140  7:31  Roach x3  
  140  7:35  Roach x2  
  127  7:41  Roach x2  
  127  7:44  Roach, Extractor  
  119  7:46  Roach  
  119  7:47  Zergling x4  
  119  7:49  Roach  
  120  7:52  Roach  
  120  7:54  Zergling x4  
  120  7:56  Roach  
  114  7:58  Roach  
  114  8:02  Roach  
  114  8:05  Roach  
  104  8:07  Roach  
  104  8:12  Roach  
  102  8:13  Roach  
  102  8:16  Roach  
  102  8:17  Zergling x8  
  102  8:19  Roach  
  106  8:22  Roach  
  106  8:24  Roach  
  112  8:27  Roach  
  112  8:30  Roach  
  112  8:32  Roach  
  116  8:37  Roach  
  116  8:39  Roach  
  122  8:41  Roach x2  
  122  8:44  Roach  
  122  8:45  Roach  
  130  8:48  Roach  
  130  8:50  Roach  
  130  8:52  Roach  
  134  8:56  Roach  
  134  8:57  Roach  
  134  9:00  Roach  
  138  9:03  Roach  
  138  9:06  Roach  
Tags
 
Add a new tag
Caveats
  • Supply blocks, unpowered buildings, or Contaminate may cause inaccurate times.
  • Supply counts are checked every 10 seconds.